 Dungeon Crawl Stone Soup version 0.23.0 (webtiles) character file.

Game seed: 17430898512943521157

298 Monsterracer the Ruffian (level 6, 4/57 HPs)
             Began as a Troll Wizard on Feb 9, 2019.
             Was a Believer of Dithmenos.
             Quit the game on level 4 of the Dungeon.
             The game lasted 00:04:00 (3007 turns).

Monsterracer the Ruffian (Troll Wizard)             Turns: 3007, Time: 00:04:00

Health: 4/57       AC:  6    Str: 17    XL:     6   Next: 13%
Magic:  8/8        EV: 10    Int: 15    God:    Dithmenos [**....]
Gold:   171        SH:  0    Dex:  8    Spells: 8/9 levels left

rFire    . . .     SeeInvis .     - Unarmed
rCold    . . .     Gourm    +   (no shield)
rNeg     . . .     Faith    .   a - +0 robe
rPois    .         Spirit   .   b - +0 hat
rElec    .         Reflect  .   (no cloak)
rCorr    .         Harm     .   (gloves unavailable)
MR       .....                  (boots unavailable)
Stlth    ++........             (no amulet)
HPRegen  0.59/turn              (no ring)
MPRegen  0.11/turn              (no ring)

@: lethally poisoned (4 -> -5), wreathed by umbra
A: large, unfitting armour, claws 3, fast metabolism 3, gourmand, regeneration
1, shaggy fur 1, tough skin 3
a: Shadow Step, Renounce Religion


You were on level 4 of the Dungeon.
You worshipped Dithmenos.
Dithmenos was pleased with you.
You were completely stuffed.

You visited 1 branch of the dungeon, and saw 4 of its levels.

You collected 171 gold pieces.

Inventory:

Missiles
 g - 6 tomahawks
 k - 97 stones (quivered)
Armour
 a - a +0 robe (worn)
 b - a +0 hat (worn)
Jewellery
 d - an uncursed ring of stealth
Scrolls
 m - a scroll of magic mapping
 t - 2 scrolls of teleportation {!r}
Potions
 h - a potion of resistance
 i - a potion of flight
 l - 2 potions of lignification
 n - a potion of brilliance
Comestibles
 c - 7 rations
 f - 5 chunks of flesh


   Skills:
 + Level 2.1 Fighting
 + Level 1.4 Throwing
 + Level 2.7 Dodging
 - Level 1.0 Stealth
 * Level 4.0 Unarmed Combat
 - Level 2.0 Spellcasting
 - Level 0.6 Conjurations
   Level 0.6 Summonings
   Level 0.6 Translocations


You had 8 spell levels left.
You knew the following spells:

 Your Spells              Type           Power        Failure   Level  Hunger
a - Magic Dart            Conj           #...         17%         1    #......

Your spell library contained the following spells:

 Spells                   Type           Power        Failure   Level  Hunger
 Blink                    Tloc           N/A          26%         2    ###....
 Call Imp                 Summ           #.......     26%         2    ###....
 Slow                     Hex            #.......     32%         2    ###....
 Conjure Flame            Conj/Fire      #.......     52%         3    ###....
 Mephitic Cloud           Conj/Pois/Air  #.......     52%         3    ###....


Dungeon Overview and Level Annotations

Branches:
Dungeon (4/15)
 Temple: D:4-7

Altars:
Dithmenos


Innate Abilities, Weirdness & Mutations

You are too large for most types of armour.
You have claws for hands.
Your metabolism is lightning-fast.
You like to eat raw meat.
Your natural rate of healing is unusually fast.
You are covered in fur. (AC +1)
You have extremely tough skin. (AC +3)


Message History

The gnoll shaman calls upon its god to heal something.
You scratch the gnoll.
The gnoll is moderately wounded.
The gnoll hits you with a cursed -1 club. x2
You take 8 damage, and have 41/49 hp.
You closely miss the gnoll.
The gnoll is moderately wounded.
The gnoll hits you with a cursed -1 club.
You claw the gnoll!
You kill the gnoll!
Dithmenos accepts your kill.
The gnoll throws a stone.
The stone barely misses you.
The gnoll throws a stone.
The stone hits you.
Throwing (i - inventory. (/) - cycle)
k - 98 stones (quivered)
Press: ? - help, Shift-Dir - straight line, f - gnoll
Aim: a gnoll, wielding a +0 flail (fast, umbra)
You throw a stone. The stone hits the gnoll shaman.
The gnoll shaman is lightly wounded.
The gnoll throws a stone.
The stone barely misses you.
You take 2 damage, and have 39/49 hp.
You scratch the gnoll shaman but do no damage.
The gnoll shaman is lightly wounded.
The gnoll shaman closely misses you.
You barely miss the gnoll shaman.
The gnoll shaman is lightly wounded.
The gnoll shaman hits you with a +0 whip.
You take 6 damage, and have 34/49 hp.
You claw the gnoll shaman!
The gnoll shaman is heavily wounded.
You scratch the gnoll shaman but do no damage.
The gnoll shaman is heavily wounded.
The gnoll shaman barely misses you.
You closely miss the gnoll shaman.
The gnoll shaman is heavily wounded.
The gnoll shaman hits you with a +0 whip.
The gnoll hits you from afar with a +0 halberd of venom.
You are poisoned.
You take 3 damage, and have 32/49 hp.
You scratch the gnoll shaman but do no damage.
The gnoll shaman is heavily wounded.
You feel sick.
The gnoll shaman hits you but does no damage.
You take 1 damage, and have 31/49 hp.
You feel sick.
You claw the gnoll shaman!
You kill the gnoll shaman!
Dithmenos accepts your kill.
Your Unarmed Combat skill increases to level 4!
You have reached level 6!
Your experience leads to an increase in your attributes!
Increase (S)trength, (I)ntelligence, or (D)exterity?
You feel stronger. x2
You feel sick.
You regained 4 hp, and now have 35/57 hp.
MP restored: 8 You scratch the gnoll.
The gnoll is moderately wounded.
You feel sick. The gnoll closely misses you.
The gnoll hits you but does no damage.
You are more poisoned.
You feel sick. The gnoll barely misses you. The gnoll closely misses you.
Things that are here:
a +0 whip; a +0 leather armour of cold resistance; a stone You take 1 damage, and have 34/57 hp.
You claw the gnoll!
The gnoll is severely wounded.
You feel sick. The gnoll barely misses you.
The gnoll hits you with a +0 halberd of venom.
You are more poisoned.
You take 4 damage, and have 30/57 hp.
You barely miss the gnoll.
The gnoll is severely wounded.
You feel sick. The gnoll closely misses you.
The gnoll hits you with a +0 halberd of venom!
* * * LOW HITPOINT WARNING * * *
You are more poisoned.
You take 9 damage, and have 21/57 hp.
Unknown command.
You closely miss the gnoll.
The gnoll is severely wounded.
You feel sick. The gnoll hits you with a +0 flail.
* * * LOW HITPOINT WARNING * * *
The gnoll barely misses you.
You take 5 damage, and have 16/57 hp.
Unknown command.
You claw the gnoll!
You kill the gnoll!
Dithmenos accepts your kill.
You feel sick. The gnoll barely misses you.
You take 1 damage, and have 15/57 hp.
You barely miss the gnoll.
The gnoll is lightly wounded.
You feel sick. The gnoll hits you with a +0 flail!
* * * LOW HITPOINT WARNING * * *
You take 11 damage, and have 4/57 hp.
Really quaff the potion of lignification?
Okay, then.
Okay, then.
Okay, then.
Are you sure you want to abandon this character and quit the game? (Confirm with "yes".)

############.....#
...........#...#.###
######...÷.........#
...#.......<.......
#.#...#÷.)..#..###
####.....#.....# %...
######.......##.....#
#.
#§§§§§§###...##.....#
#§######(....@).....#
### #..###g##(...$#
#.# #.##.....# #..
..##..(..# ... #.##
.....# #.# #. ...(.#
#. #. ####... #. ##.


You could see a gnoll.

Vanquished Creatures
  A howler monkey (D:2)
  A gnoll shaman (D:4)
  Jessica (D:3)
  6 gnolls
  5 adders
  2 worms
  3 dart slugs
  2 leopard geckos
  5 orcs (D:3)
  2 ball pythons
  6 bats
  6 giant cockroaches
  7 goblins
  6 hobgoblins
  6 jackals
  9 kobolds
  4 quokkas
  8 frilled lizards
  9 rats
89 creatures vanquished.

Notes
Turn   | Place    | Note
-------+----------+-------------------------------------------
     0 | D:1      | Monsterracer the Troll Wizard began the quest for the Orb.
     0 | D:1      | Reached XP level 1. HP: 16/16 MP: 2/2
    52 | D:1      | Reached skill level 1 in Unarmed Combat
    58 | D:1      | HP: 9/18 [goblin/+0 dagger (4)]
    93 | D:1      | Reached XP level 2. HP: 26/26 MP: 4/4
   860 | D:1      | Reached skill level 1 in Fighting
   860 | D:1      | Reached skill level 2 in Unarmed Combat
   860 | D:1      | Reached XP level 3. HP: 33/33 MP: 5/5
   918 | D:2      | Reached XP level 4. HP: 23/41 MP: 6/6
  1530 | D:2      | Found a faded altar of an unknown god.
  1568 | D:2      | Became a worshipper of Dithmenos the Shadowed
  1568 | D:2      | Reached * piety under Dithmenos
  1782 | D:2      | Reached skill level 3 in Unarmed Combat
  1787 | D:2      | HP: 19/41 [gnoll/cursed +0 spear (2)]
  1790 | D:2      | Reached XP level 5. HP: 15/49 MP: 7/7
  2325 | D:3      | Noticed Jessica
  2336 | D:3      | Killed Jessica
  2336 | D:3      | Reached skill level 1 in Throwing
  2341 | D:3      | Reached ** piety under Dithmenos
  2999 | D:4      | Reached skill level 4 in Unarmed Combat
  2999 | D:4      | Reached XP level 6. HP: 36/57 MP: 8/8
  3003 | D:4      | HP: 28/57 [poisoned by a gnoll]
  3006 | D:4      | HP: 13/57 [poisoned by a gnoll]
  3006 | D:4      | HP: 4/57 [gnoll/+0 flail (9)]
  3007 | D:4      | Quit the game

Skill      XL: |  1  2  3  4  5 |
---------------+----------------+-----
Unarmed Combat | 1 2 3 4 |  4.0
Fighting       | 1 2 |  2.1
Dodging        | 2 |  2.7
Throwing       | 1 |  1.4
Stealth        | |  1.0
Spellcasting   | |  2.0
Conjurations   | |  0.6
Summonings     | |  0.6
Translocations | |  0.6

Action                   |  1- 3 |  4- 6 || total
-------------------------+-------+-------++-------
Melee: Unarmed           |    70 |   173 ||   243
       Punch             |       |     5 ||     5
Throw: Stone             |       |   124 ||   124
  Use: Scroll            |       |    11 ||    11
 Stab: Sleeping          |       |     1 ||     1
  Eat: Chunk             |    13 |    20 ||    33
Armor: Robe              |    32 |    76 ||   108
Dodge: Dodged            |    31 |   124 ||   155

Levels and vault maps discovered:
D:1:      dpeg_arrival_houses_and_road, layout_basic
D:2:      minmay_door_path, layout_basic, first_ration,
          chequers_ecumenical_altar_simple
D:3:      layout_rooms, uniq_jessica
D:4:      layout_rooms, gup_sewer_entry_spiral, hangedman_minor_gate_pass
